 Dungeon Crawl Stone Soup version 0.23-a0-584-g44dd78f (webtiles) character file.

1652 Atlas the Magician (level 8, 0/58 HPs)
             Began as a Mummy Necromancer on Dec 18, 2018.
             Was an Initiate of Gozag.
             Slain by a gnoll (5 damage)
             ... on level 6 of the Dungeon.
             The game lasted 00:10:12 (7270 turns).

Atlas the Magician (Mummy Necromancer)              Turns: 7270, Time: 00:10:13

Health: 0/58       AC: 17    Str: 12    XL:     8   Next: 68%
Magic:  2/18       EV: 11    Int: 16    God:    Gozag
Gold:   856        SH:  0    Dex: 12    Spells: 16/20 levels left

rFire    x . .     SeeInvis .   j - +2 short sword (protect)
rCold    + . .     Gourm    .   (no shield)
rNeg     + + +     Faith    .   f - +0 ring mail
rPois    ∞         Spirit   .   h - +2 helmet
rElec    .         Reflect  .   (no cloak)
rCorr    +         Harm     .   i - +0 pair of gloves
MR       +....                  (no boots)
Stlth    +.........             (no amulet)
HPRegen  0.19/turn              e - ring of resist corrosion
MPRegen  0.16/turn              (no ring)

@: gold aura, protection aura, very slightly contaminated, studying Short Blades
A: no food or potions, fire vulnerability, cold resistance 1, negative energy
resistance 3, torment resistance, unbreathing
a: Potion Petition, Call Merchant, Bribe Branch, Renounce Religion


You were on level 6 of the Dungeon.
You worshipped Gozag.
Gozag was pleased with you.
You were not hungry.

You visited 1 branch of the dungeon, and saw 6 of its levels.

You collected 887 gold pieces.
You paid 31 gold pieces to Gozag.

Inventory:

Hand Weapons
 j - a +2 short sword of protection (weapon)
Armour
 f - a +0 ring mail (worn)
 h - a +2 helmet (worn)
 i - a +0 pair of gloves (worn)
Jewellery
 e - a ring of resist corrosion (left hand)
Wands
 a - a wand of acid (5)
 l - a wand of iceblast (15)
 n - a wand of flame (19)
Scrolls
 b - a scroll of teleportation
 c - a scroll of remove curse
 d - 2 scrolls of immolation {unknown}
 g - a scroll of magic mapping {unknown}
 k - a scroll of enchant weapon {unknown}
Books
 m - a manual of Short Blades


   Skills:
 + Level 3.0 Fighting
 + Level 4.5 Short Blades
   Level 0.6 Maces & Flails
 + Level 3.2 Armour
 + Level 3.1 Dodging
 + Level 2.1 Stealth
 + Level 0.4 Unarmed Combat
 + Level 6.7 Spellcasting
 + Level 6.5 Necromancy


You had 16 spell levels left.
You knew the following spells:

 Your Spells              Type           Power        Failure   Level  Hunger
a - Pain                  Necr           ####         1%          1    N/A
c - Vampiric Draining     Necr           ####......   5%          3    N/A

Your spell library contained the following spells:

 Spells                   Type           Power        Failure   Level  Hunger
 Animate Skeleton         Necr           N/A          1%          1    N/A
 Animate Dead             Necr           N/A          19%         4    N/A
 Regeneration             Chrm/Necr      Unusable     N/A         3    N/A

Dungeon Overview and Level Annotations

Branches:
Dungeon (6/15)
 Temple: D:4-7

Altars:
Ashenzari
Gozag
Kikubaaqudgha
Makhleb
Nemelex Xobeh
Ru
Trog
Xom

Shops:
D:5 (

Annotations:
D:6 Pikel


Innate Abilities, Weirdness & Mutations

You do not eat or drink.
Your flesh is vulnerable to fire.
You are immune to poison.
Your flesh is cold resistant. (rC+)
You are immune to negative energy. (rN+++)
You are immune to unholy pain and torment.
You can survive without breathing.


Message History

You hit Pikel.
Pikel is almost dead.
The slave closely misses you. The gnoll misses you. Pikel barely misses you.
The slave misses you.
You barely miss Pikel.
Pikel is almost dead.
The slave hits you. Pikel hits you but does no damage.
The gnoll hits you but does no damage. The slave hits you.
You are too injured to fight recklessly!
You are too injured to fight recklessly!
You hit Pikel but do no damage.
Pikel is almost dead.
The slave hits you but does no damage.
Pikel hits you with a +0 whip of flaming!
* * * LOW HITPOINT WARNING * * *
Pikel burns you.
* * * LOW HITPOINT WARNING * * *
The gnoll hits you.
You die...
Your body crumbles into a pile of gold.

#...#... #.#.#.#..
#.# #.#...#.. #.#
#.##..#..##.# ###
#.##..#..##.# ...
#.###.#.....##.####
..# #.##...........
#####.##...$g......
#.....##...@Kp.....
#.###..#(..ppp.....
##.#.#####.....
#.#.#####.....
#........)....
##......... .. $
#......... .
#.........
#.^#######


You could see Pikel, 4 slaves and a gnoll.

Vanquished Creatures
  A hippogriff (D:4)
  2 sky beasts
  An ice beast (D:5)
  2 phantoms
  A necrophage (D:5)
  3 centaurs (D:5)
  2 crimson imps (D:5)
  4 hounds (D:4)
  3 bullfrog zombies
  A bullfrog skeleton (D:4)
  2 orc wizards (D:5)
  3 worker ants
  4 adders
  11 gnolls
  An ooze (D:2)
  4 worms
  2 dart slugs
  7 orcs
  5 ball pythons
  5 giant cockroaches
  10 goblins
  7 hobgoblins
  8 jackals
  2 quokkas
  10 bats
  11 frilled lizards
  A jackal zombie (D:5)
  10 kobolds
  A leopard gecko skeleton (D:4)
  A leopard gecko zombie (D:5)
  A quokka skeleton (D:3)
  11 rats
137 creatures vanquished.

Notes
Turn   | Place    | Note
-------+----------+-------------------------------------------
     0 | D:1      | Atlas the Mummy Necromancer began the quest for the Orb.
     0 | D:1      | Reached XP level 1. HP: 13/13 MP: 4/4
   430 | D:1      | Reached XP level 2. HP: 19/19 MP: 2/5
  1264 | D:1      | Reached XP level 3. HP: 20/24 MP: 0/7
  2357 | D:2      | Found a burning altar of Makhleb.
  2368 | D:2      | Found a shattered altar of Ashenzari.
  2370 | D:2      | Found a sparkling altar of Nemelex Xobeh.
  2370 | D:2      | Found a bloodstained altar of Trog.
  2372 | D:2      | Found an ancient bone altar of Kikubaaqudgha.
  2372 | D:2      | Found an opulent altar of Gozag.
  2383 | D:2      | Became a worshipper of Gozag Ym Sagoz the Greedy
  2642 | D:2      | Reached XP level 4. HP: 30/30 MP: 4/9
  3041 | D:3      | Reached skill level 5 in Necromancy
  3137 | D:2      | Learned a level 3 spell: Vampiric Draining
  3661 | D:3      | Noticed a sky beast
  3754 | D:3      | Killed a sky beast
  3754 | D:3      | Reached skill level 1 in Armour
  3754 | D:3      | Reached XP level 5. HP: 29/36 MP: 1/11
  4532 | D:4      | Noticed a phantom
  4577 | D:4      | Reached XP level 6. HP: 40/42 MP: 7/13
  4653 | D:4      | Noticed a hippogriff
  4940 | D:4      | Killed a hippogriff
  4940 | D:4      | Reached skill level 5 in Spellcasting
  5081 | D:4      | Reached skill level 1 in Fighting
  5115 | D:4      | Reached XP level 7. HP: 46/48 MP: 11/15
  5297 | D:4      | Reached skill level 1 in Short Blades
  5844 | D:5      | Entered Level 5 of the Dungeon
  5884 | D:5      | Found a shimmering altar of Xom.
  6001 | D:5      | Reached XP level 8. HP: 29/57 MP: 7/17
  6225 | D:5      | Found Odghir's Antique Weapon Shoppe.
  6454 | D:5      | Found a sacrificial altar of Ru.
  7240 | D:6      | Noticed Pikel
  7270 | D:6      | Slain by a gnoll

Vault maps used:
D:1:      sevenhm_arrival_forest_fort_large_1
D:2:      minmay_chambers_of_ones, grunt_temple_overflow_open, minmay_vboxes
D:4:      first_ration
D:5:      nicolae_ru_great_annihilating_truth, serial_shops, shop_statue,
          basic_altar, minmay_manual_mail
D:6:      temple_hall, uniq_menkaure, uniq_pikel, uniq_grinder,
          uniq_prince_ribbit1

Skill      XL: |  1  2  3  4  5  6  7  8 |
---------------+-------------------------+-----
Spellcasting   | 3 4 5 6 |  6.7
Necromancy     | 5 6 |  6.5
Armour         | 1 2 3 |  3.2
Dodging        | 2 3 |  3.1
Fighting       | 1 2 3 |  3.0
Short Blades   | 2 4 |  4.5
Stealth        | 2 |  2.1
Maces & Flails | |  0.6
Unarmed Combat | |  0.4

Action                   |  1- 3 |  4- 6 |  7- 9 || total
-------------------------+-------+-------+-------++-------
Melee: Unarmed           |    34 |    18 |       ||    52
       Mace              |       |    38 |       ||    38
       Short sword       |       |    56 |   301 ||   357
       Punch             |       |       |     2 ||     2
 Cast: Pain              |    87 |    52 |    13 ||   152
       Vampiric Draining |       |    10 |    25 ||    35
  Use: Scroll            |       |       |     4 ||     4
 Stab: Sleeping          |       |     1 |     1 ||     2
       Distracted        |       |       |     2 ||     2
Armor: Robe              |     4 |       |       ||     4
       Ring mail         |     3 |   110 |   154 ||   267
Dodge: Dodged            |    40 |   110 |   196 ||   346

Table legend:
 A = Non-vault XP
 B = Vault XP
 C = Vault XP percentage of total XP
 D = Non-vault monster count
 E = Vault monster count
 F = Vault count percentage of total count
                 A         B        C        D         E       F
            +---------+---------+-------+---------+---------+-------
      Total |    1994 |     366 |  15.5 |     117 |      20 |  14.6
            +---------+---------+-------+---------+---------+-------
        D:1 |      50 |       3 |   5.7 |      32 |       3 |   8.6
        D:2 |      36 |      25 |  41.0 |      14 |      10 |  41.7
        D:3 |     360 |       0 |   0.0 |      25 |       0 |   0.0
        D:4 |     626 |       0 |   0.0 |      22 |       0 |   0.0
        D:5 |     879 |     338 |  27.8 |      21 |       7 |  25.0
        D:6 |      43 |       0 |   0.0 |       3 |       0 |   0.0
            +---------+---------+-------+---------+---------+-------
